 Dungeon Crawl Stone Soup version 0.18-a0-1126-ga2d7f46 (webtiles) character file.

30 namelastname112 the Digger (level 3, -12/28 HPs)
             Began as a Draconian Wanderer on Jan 21, 2016.
             Mangled by Crazy Yiuf
             ... wielding a +4 quarterstaff of chaos
              (28 damage)
             ... on level 2 of the Dungeon.
             The game lasted 00:02:29 (1338 turns).

namelastname112 the Digger (Draconian Wanderer)     Turns: 1338, Time: 00:02:29

Health: -12/28     AC: 11    Str: 20    XL:     3   Next: 5%
Magic:  3/3        EV: 12    Int: 10    God:
Gold:   12         SH:  0    Dex: 12    Spells: 0 memorised, 2 levels left

rFire  . . .     SeeInvis .     l - +0 dagger (protect)
rCold  . . .     Gourm    .     (armour unavailable)
rNeg   . . .     Faith    .     (no shield)
rPois  .         Spirit   .     (helmet restricted)
rElec  .         Dismiss  .     r - +0 cloak
rCorr  .         Reflect  .     (no gloves)
SustAt .         Harm     +     (no boots)
MR     .....                    n - amulet of harm
Stlth  +.........               (no ring)
                                (no ring)

@: mighty, not resistant to hostile enchantments, very unstealthy
A: unfitting armour, cold-blooded, AC +5
a: no special abilities


You were on level 2 of the Dungeon.
You were not hungry.

You visited 1 branch of the dungeon, and saw 2 of its levels.

You collected 12 gold pieces.

Inventory:

Hand Weapons
 l - a +0 dagger of protection (weapon)
Armour
 r - a +0 cloak (worn)
Jewellery
 n - an amulet of harm (around neck)
Scrolls
 c - a scroll of magic mapping {unknown}
 e - 2 scrolls of identify
 f - a scroll of immolation {unknown}
 h - 2 scrolls of remove curse {unknown}
 j - a scroll of enchant armour {unknown}
Books
 a - a book of Changes

   Spells                             Type                      Level
   a - Beastly Appendage              Transmutation                1
   b - Sticks to Snakes               Transmutation                2
   c - Spider Form                    Transmutation/Poison         3
   d - Ice Form                       Ice/Transmutation            4
   e - Blade Hands                    Transmutation                5
 b - the Grimoire of Poisoning

   Spells                             Type                      Level
   a - Sting                          Conjuration/Poison           1
   b - Ignite Poison                  Fire/Transmutation/Poison    3
Comestibles
 d - a bread ration
 g - 4 fruits
 k - a meat ration
 q - a chunk of flesh


   Skills:
 - Level 1.3 Fighting
   Level 1.6 Polearms
 - Level 1.0 Throwing
 - Level 1.2 Dodging
 + Level 2.0 Unarmed Combat
   Level 2.0 Transmutations
   Level 3.0 Earth Magic
   Level 1.0 Evocations


You had 2 spell levels left.
You didn't know any spells.

Dungeon Overview and Level Annotations

Branches:
Dungeon (2/15)

Altars:

Annotations:
D:2 Crazy Yiuf


Innate Abilities, Weirdness & Mutations

Your plain brown scales are hard (AC +5).
Your body does not fit into most forms of armour.
You are cold-blooded and may be slowed by cold attacks.


Message History

Drink which item? (? for menu, Esc to quit)
It was a potion of curing.
You feel better.
Drink which item? (? for menu, Esc to quit)
It was a potion of heal wounds.
You feel much better.
Drink which item? (? for menu, Esc to quit)
It was a potion of cure mutation.
It has a very clean taste.
Drink which item? (? for menu, Esc to quit)
It was a potion of might.
You feel very mighty all of a sudden.
You hit Crazy Yiuf.
Crazy Yiuf is lightly wounded.
Crazy Yiuf hits you with a quarterstaff of chaos!
Space bends around you.
Crazy Yiuf drinks a potion.
Crazy Yiuf seems to grow stronger.
You aren't carrying any items that can be evoked.
You puncture Crazy Yiuf!
Crazy Yiuf is severely wounded.
Crazy Yiuf hits you with a quarterstaff of chaos!!
Ouch! That really hurt!
You die...

... #).
##.##.....#..###
#..
#......#####..
.g #......# ###
#. #....†.# .##
#......# #.#
#.....## #.##
#.....# ##.#
#.....# ##g##
#@##### ##...#
#g# #PP.P# #.#
#....# #.#
##..####.#
#........#
##...##### #####


You could see Crazy Yiuf.

Vanquished Creatures
  An adder (D:2)
  2 bats
  A goblin (D:1)
  6 hobgoblins
  5 kobolds (D:1)
  A ball python (D:1)
  A giant newt (D:2)
  2 rats (D:1)
19 creatures vanquished.

Notes
Turn   | Place    | Note
--------------------------------------------------------------
     0 | D:1      | namelastname112 the Draconian Wanderer began the quest for the Orb.
     0 | D:1      | namelastname112 set off with: a book of Changes, the Grimoire of Poisoning, a +0 spear, a bread ration
     0 | D:1      | Reached XP level 1. HP: 16/16 MP: 1/1
   534 | D:1      | Identified the Grimoire of Poisoning
   564 | D:1      | Reached XP level 2. HP: 23/23 MP: 2/2
   961 | D:1      | Reached skill level 1 in Unarmed Combat
  1250 | D:2      | Reached XP level 3. HP: 28/28 MP: 3/3
  1316 | D:2      | Noticed Crazy Yiuf
  1338 | D:2      | Mangled by Crazy Yiuf

Vault maps used:
D:1:      dpeg_arrival_rooms_with_view
D:2:      nicolae_tso_carved_into_rock, first_bread, uniq_iyjb,
          uniq_crazy_yiuf_cottage

Action                   || total
-------------------------++-------
Melee: Spear             ||    54
       Dagger            ||    52
  Use: Scroll            ||     1
       Potion            ||     4
  Eat: Chunk             ||     1
